AoeStats
← anonim

Arena

509485170Analyzed
3v3 RM · 6d ago on Sep 26, 2026· 50m 21s· 6 players
Game mode
Random Map
Map size
Normal (6 player)
Population
200
Speed
Normal
Resources
Standard
Victory
Conquest
Starting age
Dark Age
Ending age
Imperial Age
RankedLock teamsTeams togetherTeam positionsShared explorationLock speedFull tech treeHidden civsTurbo modeCheats
Victory
Defeat
🇨🇱 Saxons · Chile
1188
+15
🇨🇱 Celts · Chile
1151
+17
🇨🇱 Khmer · Chile
1132
+18
🇨🇱 Wu · Chile
1197
-18
🇨🇱 Byzantines · Chile
1172
-17
🇨🇱 Franks · Chile
1137
-15
PumAge | carlomagno
10:28 Feudal Age
14:13 Castle Age
15:08 Light Cavalry
17:44 Wheelbarrow
18:53 Loom
19:21 Horse Collar
29:00 Imperial Age
27:00 Gold Mining
27:17 Stone Mining
27:29 Heavy Plow
28:15 Sanctity
29:55 Gold Shaft Mining
29:27 Town Watch
29:59 Hand Cart
29:36 Town Watch
29:57 Double-Bit Axe
31:02 Bow Saw
31:43 Conscription
31:35 Onager
32:22 Town Patrol
32:46 Guilds
34:08 Chemistry
33:59 Masonry
34:47 Hoardings
33:38 Pikeman
37:13 Pikeman
38:15 Scale Mail Armor
38:49 Forging
39:29 Chain Mail Armor
38:35 Halberdier
39:28 Siege Engineers
39:46 Gambesons
39:47 Arson
41:54 Plate Mail Armor
41:59 Iron Casting
45:26 Blast Furnace
46:03 Siege Onager
47:35 Caravan
48:35 Fletching
PumAge | kibghostt
10:32 Feudal Age
14:55 Castle Age
13:22 Double-Bit Axe
13:19 Horse Collar
15:49 Bow Saw
22:50 Wheelbarrow
23:21 Heavy Plow
26:15 Hand Cart
28:58 Imperial Age
27:36 Ballistics
27:25 Husbandry
27:36 Bloodlines
28:57 Thumb Ring
28:52 Fletching
29:23 Gold Mining
29:47 Bodkin Arrow
29:53 Padded Archer Armor
30:36 Bracer
31:40 Chemistry
31:37 Leather Archer Armor
30:54 Cranequins
32:02 Heavy Mounted Crossbowman
34:05 Ring Archer Armor
34:11 Scale Mail Armor
34:21 Forging
34:21 Squires
35:19 Conscription
34:23 Shield Wall
36:15 Chain Mail Armor
35:58 Elite Hearth Troop
37:34 Iron Casting
38:32 Plate Mail Armor
37:32 Elite Varangian Guard
38:01 Pikeman
39:47 Two-Man Saw
39:21 Crop Rotation
39:37 Gambesons
40:18 Halberdier
45:58 Caravan
PumAge | Mr.9988
12:08 Feudal Age
13:20 Double-Bit Axe
13:21 Horse Collar
16:05 Castle Age
15:12 Stone Mining
21:48 Bow Saw
21:40 Heavy Plow
22:19 Wheelbarrow
25:27 Gold Mining
25:49 Town Watch
27:19 Hand Cart
32:17 Imperial Age
30:26 Husbandry
30:36 Bloodlines
32:39 Ballistics
32:19 Loom
32:34 Town Patrol
33:06 Double Crossbow
35:16 Chemistry
34:43 Elite Ballista Elephant
36:02 Scale Barding Armor
36:41 Crop Rotation
37:04 Chain Barding Armor
37:25 Gold Shaft Mining
38:39 Plate Barding Armor
39:25 Forging
39:18 Light Cavalry
40:41 Hussar
43:18 Conscription
46:06 Iron Casting
anonim
12:01 Feudal Age
15:40 Castle Age
14:38 Loom
15:15 Double-Bit Axe
16:53 Bow Saw
20:20 Gold Mining
28:44 Scale Barding Armor
28:50 Forging
31:41 Imperial Age
30:38 Wheelbarrow
31:12 Iron Casting
30:58 Chain Barding Armor
32:15 Fortified Wall
32:19 Cavalier
33:41 Plate Barding Armor
34:06 Hand Cart
34:14 Conscription
33:58 Chivalry
35:06 Chemistry
35:31 Blast Furnace
34:40 Husbandry
35:30 Paladin
36:18 Light Cavalry
47:41 Elite Skirmisher
48:22 Fletching
48:33 Padded Archer Armor
49:01 Ballistics
Nico
11:20 Feudal Age
15:26 Castle Age
19:55 Double-Bit Axe
20:14 Horse Collar
27:17 Imperial Age
24:33 Loom
30:52 Chemistry
30:52 Fortified Wall
31:02 Ballistics
30:25 Treadmill Crane
30:56 Gold Mining
33:19 Wheelbarrow
33:37 Conscription
34:07 Gold Shaft Mining
34:28 Logistica
34:57 Sanctity
34:48 Fervor
34:53 Block Printing
35:06 Illumination
35:16 Theocracy
34:52 Redemption
35:19 Husbandry
36:23 Forging
36:19 Scale Barding Armor
35:39 Heavy Camel Rider
37:16 Hand Cart
37:33 Elite Cataphract
39:55 Iron Casting
39:41 Chain Barding Armor
40:08 Bow Saw
43:00 Plate Barding Armor
47:34 Pikeman
48:14 Squires
48:43 Halberdier
50:03 Scale Mail Armor
MigueMigue
11:51 Feudal Age
15:26 Castle Age
14:16 Loom
14:19 Double-Bit Axe
14:27 Gold Mining
18:23 Horse Collar
20:02 Fletching
31:09 Imperial Age
29:06 Bodkin Arrow
30:26 Gold Shaft Mining
30:19 Ballistics
30:33 Padded Archer Armor
32:04 Bracer
33:30 Chemistry
32:27 Stone Mining
34:21 Wheelbarrow
34:03 Bow Saw
34:42 Conscription
38:41 Bloodlines
38:31 Husbandry
38:53 Leather Archer Armor
38:51 Forging
39:12 Heavy Hei Guang Cavalry
40:13 Elite Fire Archer
49:06 Squires
49:10 Scale Mail Armor
Connection lost

Rejoining the realm…

Still unreachable

The connection could not be restored.

Session expired

The server has moved on; the page needs a fresh start.